 Dungeon Crawl Stone Soup version 0.30-a0-476-g330ca2eb8e (webtiles) character file.

Game seed: 18300423095561729683

122 Anon1729 the Chopper (level 4, -1/41 HPs)
             Began as a Minotaur Monk on Dec 21, 2022.
             Was a Believer of Makhleb.
             Slain by a black bear (3 damage)
             ... on level 4 of the Dungeon.
             The game lasted 00:01:54 (2128 turns).

Anon1729 the Chopper (Minotaur Monk)                Turns: 2128, Time: 00:01:55

Health: -1/41      AC: 11    Str: 18    XL:     4   Next: 78%
Magic:  3/3        EV:  6    Int:  7    God:    Makhleb [**....]
Gold:   136        SH:  0    Dex: 12    Spells: 3/3 levels left

rFire   . . .      SeeInvis .    a - +0 hand axe
rCold   . . .      Faith    .    (no shield)
rNeg    . . .      Spirit   .    c - +0 plate armour
rPois   .          Reflect  .    (helmet restricted)
rElec   .          Harm     .    (no cloak)
rCorr   .          Rampage  .    (no gloves)
Will    .....                    (no boots)
Stlth   ..........               (no amulet)
HPRegen 0.26/turn                (no ring)
MPRegen 0.08/turn                (no ring)

@: no status effects
A: horns 2, retaliatory headbutt
a: Renounce Religion, Minor Destruction


You were on level 4 of the Dungeon.
You worshipped Makhleb.
Makhleb was pleased with you.
You visited 1 branch of the dungeon, and saw 4 of its levels.

You collected 136 gold pieces.

Inventory:

Hand Weapons
 a - a +0 hand axe (weapon)
Armour
 b - a +0 robe
 c - a +0 plate armour (worn)
Wands
 j - a wand of charming (7)
 n - a wand of roots (12)
Scrolls
 d - a scroll of summoning {unknown}
 f - a scroll of teleportation {unknown}
 g - 2 scrolls of blinking {unknown}
 i - a scroll of identify {unknown}
 l - a scroll of amnesia {unknown}
 o - a scroll of torment {unknown}
Potions
 e - 2 potions of heal wounds
 h - 2 potions of haste {unknown}
 k - a potion of lignification {unknown}
 m - a potion of berserk rage {unknown}


   Skills:
 + Level 4.5 Fighting
 * Level 5.3 Axes
 + Level 2.4 Armour
 - Level 3.3 Dodging
 - Level 1.5 Stealth
 + Level 0.2 Invocations


You had 3 spell levels left.
You didn't know any spells.
Your spell library contained the following spells:

 Spells                   Type           Power      Damage    Failure   Level
 Necrotise                Necr           0%         1d4       100%        1
 Kindle Blastsparks       Fire/Tloc/Air  0%         2d10      100%        3
 Vampiric Draining        Necr           0%         2d6       100%        3
 Fulminant Prism          Conj/Hex       0%         3d5       100%        4
 Iskenderun's Mystic Bla  Conj/Tloc      0%         2d3       100%        4
 Agony                    Necr           0%         N/A       100%        5
 Lee's Rapid Deconstruct  Erth           0%         3d4*      100%        5


Dungeon Overview and Level Annotations

Branches:
Dungeon (4/15)
 Temple: D:4-7

Altars:
Kikubaaqudgha
Makhleb
Sif Muna

Annotations:
D:3 exclusion: door


Innate Abilities, Weirdness & Mutations

You have a pair of horns on your head.
You reflexively headbutt those who attack you in melee.


Message History

You are too injured to fight recklessly!
You are too injured to fight recklessly!
You are too injured to fight recklessly!
You are too injured to fight recklessly!
You are too injured to fight recklessly!
You are too injured to fight recklessly!
You are too injured to fight recklessly!
You hit the black bear. You headbutt the black bear!
The black bear is almost dead.
The black bear bites you but does no damage.
The black bear closely misses you.
The black bear claws you but does no damage.
Aiming: Minor Destruction (22% risk of failure)
Press: ? - help, Shift-Dir - straight line, f - black bear
Aim: a black bear (almost dead)
You fail to use your ability.
The black bear bites you but does no damage.
The black bear claws you but does no damage.
The black bear claws you.
You completely miss the black bear.
The black bear is severely wounded.
The black bear goes berserk!
You closely miss the black bear.
You headbutt the black bear, but do no damage.
The black bear is severely wounded.
The black bear bites you but does no damage.
The black bear barely misses you. The black bear claws you.
The black bear bites you but does no damage.
The black bear claws you.
* * * LOW HITPOINT WARNING * * *
The black bear claws you.
* * * LOW HITPOINT WARNING * * *
You barely miss the black bear. You headbutt the black bear.
The black bear is almost dead.
The black bear bites you.
* * * LOW HITPOINT WARNING * * *
The black bear claws you.
* * * LOW HITPOINT WARNING * * *
The black bear claws you.
You die...

############
...........########
......?#..........# #
.......#..........# ...
.......#..........##....
.......#................
......?#..$>......##....
......h@................
.......#?.†.............
##....#.................
#......................
##.[...................
#.#...................
#.##................#. #
....................
##................##


You could see a black bear (berserk).

Vanquished Creatures
  An orc wizard (D:3)
  2 adders
  4 worms
  2 dart slugs (D:3)
  5 orcs (D:3)
  6 endoplasms
  2 giant cockroaches (D:2)
  4 goblins
  8 hobgoblins
  3 quokkas
  2 ball pythons
  8 bats
  4 frilled lizards (D:3)
  4 kobolds
  A rat (D:2)
56 creatures vanquished.

Notes
Turn   | Place    | Note
-------+----------+-------------------------------------------
     0 | D:1      | Anon1729 the Minotaur Monk began the quest for the Orb.
     0 | D:1      | Reached XP level 1. HP: 19/19 MP: 0/0
   229 | D:1      | Reached skill level 4 in Axes
   231 | D:1      | Reached XP level 2. HP: 24/27 MP: 1/1
   325 | D:1      | You fall into a shaft and drop 1 floor!
   340 | D:2      | Reached skill level 1 in Armour
   462 | D:2      | Reached XP level 3. HP: 20/33 MP: 2/2
  1264 | D:3      | Found a shimmering blue altar of Sif Muna.
  1379 | D:3      | Reached skill level 5 in Axes
  1379 | D:3      | Reached XP level 4. HP: 18/41 MP: 3/3
  1757 | D:3      | Found a burning altar of Makhleb.
  1773 | D:3      | Became a worshipper of Makhleb the Destroyer
  1773 | D:3      | Reached * piety under Makhleb
  1773 | D:3      | Reached ** piety under Makhleb
  2014 | D:3      | Found an ancient bone altar of Kikubaaqudgha.
  2116 | D:4      | Noticed a black bear
  2128 | D:4      | HP: 2/41 [black bear (6)]
  2128 | D:4      | Slain by a black bear

Illustrated notes

Levels and vault maps discovered:
D:1:      lightli_arrival_maybe_door_vault, layout_loops_cross
D:2:      layout_loops_ring, minmay_tree_intersection,
          chequers_serial_rivers_large_b, st_stairs_7
D:3:      layout_loops_ring, mainiacjoe_overflow_chevrons,
          mainiacjoe_overflow_24_doors, led_sif_book
D:4:      layout_rooms, nicolae_gozag_conspicuous_consumption

Skill      XL: |  1  2  3 |
---------------+----------+-----
Axes           | 4 5 |  5.3
Armour         | 1 2 |  2.4
Fighting       | 4 |  4.5
Dodging        | |  3.3
Stealth        | |  1.5
Invocations    | |  0.2

Action                   |  1- 3 |  4- 6 || total
-------------------------+-------+-------++-------
Melee: Hand axe          |    63 |    65 ||   128
       Headbutt          |    13 |    17 ||    30
       Punch             |     1 |       ||     1
  Use: Potion            |     2 |       ||     2
 Stab: Sleeping          |     3 |       ||     3
Armor: Robe              |     2 |       ||     2
       Plate armour      |    31 |    44 ||    75
Dodge: Dodged            |    32 |    22 ||    54

Table legend: (Time is in decaauts)
 A = Elapsed time spent in this place.
 B = Non-inter-level travel time spent in this place.
 C = Inter-level travel time spent in this place.
 D = Time resting spent in this place.
 E = Time spent auto-exploring this place.
 F = Levels seen in this place.
 G = Mean time per level.
                   A        B        C        D        E       F      G
               +--------+--------+--------+--------+--------+-----+--------+
         Total |   2163 |   2074 |     89 |      0 |   1714 |   4 |  540.8 |
       Dungeon |   2163 |   2074 |     89 |      0 |   1714 |   4 |  540.8 |
               +--------+--------+--------+--------+--------+-----+--------+

Top non-repeatable levels by time:
     D:2: 955 daAuts
     D:3: 813 daAuts
     D:1: 326 daAuts
     D:4: 68 daAuts
